 Dungeon Crawl Stone Soup version 0.20.1-1-g8b1a95d66d (webtiles) character file.

3908 NullDivider the Geomancer (level 10, 0/58 HPs)
             Began as an Octopode Earth Elementalist on Nov 15, 2017.
             Was a Priest of Sif Muna.
             Slain by a six-headed hydra (11 damage)
             ... on level 7 of the Dungeon.
             The game lasted 01:08:16 (10419 turns).

NullDivider the Geomancer (OpEE)                   Turns: 10419, Time: 01:08:16

Health: 0/58       AC:  1    Str:  8    XL:     10   Next: 20%
Magic:  17/21      EV: 21    Int: 20    God:    Sif Muna [***...]
Gold:   431        SH:  0    Dex: 13    Spells: 7/24 levels left

rFire    . . .     SeeInvis +     - Unarmed
rCold    . . .     Gourm    .   (no shield)
rNeg     . . .     Faith    .   (helmet restricted)
rPois    .         Spirit   .   (no amulet)
rElec    .         Reflect  .   l - +3 ring of evasion
rCorr    .         Harm     .   s - ring of see invisible
MR       .....                  C - +4 ring of evasion
Stlth    ++++......             (no ring)
Regen    0.2/turn               (no ring)
MPRegen  0.2/turn               (no ring)
                                (no ring)
                                (no ring)

@: very slightly contaminated, drained
A: almost no armour, stealthy swim, amphibious, 8 rings, constrict 8, camouflage
1, gelatinous body 1
a: Divine Energy, Channel Magic, Renounce Religion


You were on level 7 of the Dungeon.
You worshipped Sif Muna.
Sif Muna was most pleased with you.
You were hungry.

You visited 2 branches of the dungeon, and saw 9 of its levels.

You collected 431 gold pieces.

Inventory:

Missiles
 b - 38 stones (quivered)
Magical Staves
 I - an uncursed staff of poison
Jewellery
 l - a +3 ring of evasion (left tentacle)
 s - a ring of see invisible (right tentacle)
 u - an uncursed amulet of harm
 C - a +4 ring of evasion (on tentacle)
Scrolls
 a - 3 scrolls of enchant armour
 e - a scroll of fear {unknown}
 f - a scroll of random uselessness {unknown}
 g - 4 scrolls of enchant weapon
 m - 2 scrolls of amnesia {unknown}
 n - 7 scrolls of remove curse
 p - 3 scrolls of teleportation {unknown}
 q - a scroll of magic mapping {unknown}
 r - 2 scrolls of blinking {unknown}
 w - a scroll of noise {unknown}
 y - a scroll of fog {unknown}
 z - 4 scrolls of identify {unknown}
 F - a scroll of immolation {unknown}
 G - a scroll of recharging {unknown}
Potions
 h - 2 potions of magic {unknown}
 i - 3 potions of might {unknown}
 j - 2 potions of heal wounds {unknown}
 k - 4 potions of curing {unknown}
 t - 2 potions of lignification {unknown}
 v - a potion of berserk rage {unknown}
 A - a potion of agility {unknown}
 E - a potion of haste {unknown}
 H - a potion of cancellation {unknown}
Books
 d - a book of Geomancy

   Spells                             Type                      Level
   a - Sandblast                      Earth                        1
   b - Passwall                       Transmutation/Earth          2
   c - Stone Arrow                    Conjuration/Earth            3
   d - Petrify                        Transmutation/Earth          4
   e - Lee's Rapid Deconstruction     Earth                        5
 B - a book of Cantrips

   Spells                             Type                      Level
   a - Confusing Touch                Hexes                        1
   b - Animate Skeleton               Necromancy                   1
   c - Summon Small Mammal            Summoning                    1
   d - Apportation                    Translocation                1
 D - a book of Conjurations

   Spells                             Type                      Level
   a - Magic Dart                     Conjuration                  1
   b - Searing Ray                    Conjuration                  2
   c - Dazzling Spray                 Conjuration/Hexes            3
   d - Fulminant Prism                Conjuration/Hexes            4
   e - Force Lance                    Conjuration/Translocation    4
   f - Iskenderun's Mystic Blast      Conjuration                  4
Comestibles
 c - 9 bread rations
 o - 7 meat rations
 x - 9 fruits
 J - 6 royal jellies


   Skills:
 - Level 1.0(0.9) Fighting
 + Level 3.7(3.6) Dodging
 + Level 6.5(6.4) Stealth
 + Level 3.6(3.5) Unarmed Combat
 + Level 7.8(7.7) Spellcasting
 * Level 2.0(1.9) Conjurations
 - Level 4.4(4.3) Transmutations
 + Level 8.9(8.8) Earth Magic


You had 7 spell levels left.
You knew the following spells:

 Your Spells              Type           Power        Failure   Level  Hunger
a - Sandblast             Erth           #####.       1%          1    None
b - Lee's Rapid Deconstr  Erth           #####.....   6%          5    #####..
c - Petrify               Tmut/Erth      ####....     6%          4    ###....
d - Force Lance           Conj/Tloc      ##......     52%         4    ###....
e - Stone Arrow           Conj/Erth      ####..       2%          3    None


Dungeon Overview and Level Annotations

Branches:
Dungeon (8/15)             Temple (1/1) D:4
   Lair: D:8-11

Altars:
Ashenzari
Cheibriados
Elyvilon
Fedhas
Gozag
Hepliaklqana
Kikubaaqudgha
Makhleb
Okawaru
Qazlal
Ru
Sif Muna
Trog
Uskayaw
Vehumet
Xom
Yredelemnul
Zin
The Shining One

Shops:
D:7 (

Annotations:
D:5 2 transporters


Innate Abilities, Weirdness & Mutations

You cannot wear most types of armour.
You are very stealthy in the water. (Stealth+)
You are amphibious.
You can wear up to eight rings at the same time.
You can use your tentacles to constrict eight enemies at once.
Your skin changes colour to match your surroundings (Stealth+).
Your rubbery body absorbs attacks. (AC +1, EV +1)


Message History

A shadow imp comes into view.
The shadow imp shouts, "Slither home, thou quaking doghearted strumpet!"
Casting: Petrify
Confirm with . or Enter, or press ? or * to list all spells.
Okay, then.
Casting: Petrify
Confirm with . or Enter, or press ? or * to list all spells.
Aiming: Force Lance
Press: ? - help, Shift-Dir - straight line, f - six-headed hydra
Aim: a six-headed hydra You miscast Force Lance.
You are very lightly contaminated with residual magic.
Smoke pours from your tentacles!
You are feeling hungry.
The six-headed hydra bites you. The six-headed hydra bites you!
* * * LOW HITPOINT WARNING * * *
The six-headed hydra closely misses you.
The six-headed hydra completely misses you.
The six-headed hydra bites you!
You die...

#)# #######'### #.# ### ##.##
#.........# #.# #.% ....#
#.........# #.#####.# )...#
#.....[...#######.......#
..[.###########'####............#
..........# #.# #............#
####......#####§# #......#####.#
...'.....∩##..§§####......#####.#
...#..........§D@§...............
'###......##..§§####......#####.#
...#......##..§§# #......#####.#
...#......##....####....).#...#.#
####........5...#.........#...#.#
.)............)...............'..
#######.####.[[.#.#########..%#..
#######.# #......# #.'....##
........# #......# #.#.%..#


You could see a six-headed hydra.

Vanquished Creatures
  Pikel (D:7)
  A hornet (D:7)
  Sigmund (D:4)
  A human (D:7)
  4 hogs (D:7)
  An orc warrior (D:5)
  A sky beast (D:8)
  3 ogres
  3 ice beasts
  2 centaurs
  2 phantoms
  2 bullfrogs
  2 scorpions
  3 crimson imps
  A quasit (D:7)
  2 jellies (D:5)
  2 hounds (D:7)
  6 orc wizards
  Crazy Yiuf (D:7)
  4 orc priests
  An iguana (D:4)
  3 hell rats (D:7)
  2 worker ants
  A hound skeleton (D:7)
  A hound zombie (D:6)
  13 adders
  2 worker ant zombies
  A gnoll (D:3)
  4 river rats (D:7)
  4 shadow imps
  An ooze (D:7)
  An adder zombie (D:5)
  3 worms
  A dart slug (D:2)
  36 orcs
  A ball python (D:1)
  3 giant cockroaches
  9 goblins
  4 hobgoblins
  16 jackals
  13 kobolds
  7 quokkas
  5 bats
  6 frilled lizards
  A leopard gecko skeleton (D:4)
  2 quokka skeletons
  25 rats
209 creatures vanquished.

Vanquished Creatures (others)
  Duvessa (D:7)
  3 slaves (D:7)
  A big kobold (D:7)
  Dowan (D:7)
  A bullfrog skeleton (D:7)
  A hell rat (D:7)
  A river rat (D:7)
  A leopard gecko (D:7)
  4 kobolds (D:7)
  A rat (D:7)
15 creatures vanquished.

Grand Total: 224 creatures vanquished

Notes
Turn   | Place    | Note
-------+----------+-------------------------------------------
     0 | D:1      | NullDivider the Octopode Earth Elementalist began the quest for the Orb.
     0 | D:1      | Reached XP level 1. HP: 11/11 MP: 3/3
   655 | D:1      | Reached XP level 2. HP: 17/17 MP: 5/5
  1518 | D:1      | Reached XP level 3. HP: 17/21 MP: 2/6
  1778 | D:2      | Reached skill level 4 in Earth Magic
  2133 | D:2      | Reached XP level 4. HP: 21/27 MP: 3/7
  2538 | D:2      | Found a faded altar of an unknown god.
  2612 | D:3      | You fall through a shaft for 2 floors!
  2612 | D:5      | Entered Level 5 of the Dungeon
  2630 | D:5      | Noticed a centaur
  2736 | D:4      | Noticed Sigmund
  2862 | D:3      | Found an iron altar of Okawaru.
  2881 | D:3      | Reached XP level 5. HP: 18/31 MP: 0/8
  3891 | D:3      | Reached skill level 1 in Unarmed Combat
  4064 | D:3      | Reached XP level 6. HP: 17/36 MP: 5/10
  4596 | D:4      | Found a blossoming altar of Fedhas.
  4625 | D:4      | Reached skill level 5 in Earth Magic
  4723 | D:4      | Found a staircase to the Ecumenical Temple.
  4740 | Temple   | Entered the Ecumenical Temple
  4828 | Temple   | Became a worshipper of Sif Muna the Loreminder
  5081 | D:4      | Killed Sigmund
  5081 | D:4      | Reached XP level 7. HP: 37/41 MP: 9/13
  5310 | D:5      | Found a transporter.
  5318 | D:5      | Found a transporter.
  5431 | D:5      | Learned a level 5 spell: Lee's Rapid Deconstruction
  5436 | D:5      | Learned a level 4 spell: Petrify
  5946 | D:5      | Reached skill level 5 in Spellcasting
  5946 | D:5      | Reached skill level 6 in Earth Magic
  5974 | D:5      | Reached * piety under Sif Muna
  5974 | D:5      | Reached XP level 8. HP: 40/46 MP: 0/16
  6310 | D:6      | Reached skill level 5 in Stealth
  6683 | D:5      | Reached skill level 7 in Earth Magic
  7264 | D:6      | Reached ** piety under Sif Muna
  7797 | D:7      | Reached XP level 9. HP: 49/51 MP: 13/18
  7865 | D:7      | Noticed Pikel
  7885 | D:7      | Killed Pikel
  8029 | D:7      | Found a runed door.
  8079 | D:7      | Noticed a hornet
  8086 | D:7      | Noticed Duvessa
  8086 | D:7      | Noticed Dowan
  8100 | D:7      | Killed a hornet
  8100 | D:7      | Reached skill level 8 in Earth Magic
  8173 | D:7      | Killed Dowan
  8191 | D:7      | Killed Duvessa
  8258 | D:7      | Found Wasoso's Weapon Shoppe.
  8905 | D:7      | Reached XP level 10. HP: 42/57 MP: 2/21
  8908 | D:7      | Reached *** piety under Sif Muna
  8951 | D:6      | Reached skill level 1 in Fighting
  9192 | D:6      | Learned a level 4 spell: Force Lance
  9196 | D:6      | Learned a level 3 spell: Stone Arrow
  9816 | D:7      | Noticed Crazy Yiuf
  9818 | D:7      | Killed Crazy Yiuf
  9818 | D:7      | Reached skill level 1 in Conjurations
  9929 | D:8      | Noticed a six-headed hydra
 10380 | D:8      | Found a burning altar of Makhleb.
 10419 | D:7      | Slain by a six-headed hydra

Skill      XL: |  1  2  3  4  5  6  7  8  9 10 |
---------------+-------------------------------+-----
Stealth        | 3 4 5 6 |  6.5
Earth Magic    | 4 5 6 7 8 |  8.9
Unarmed Combat | 1 2 3 |  3.6
Spellcasting   | 3 4 5 6 7 |  7.8
Dodging        | 3 |  3.7
Transmutations | 2 4 |  4.4
Fighting       | 1 |  1.0
Conjurations   | 2 |  2.0

Action                   |  1- 3 |  4- 6 |  7- 9 | 10-12 || total
-------------------------+-------+-------+-------+-------++-------
Melee: Unarmed           |    69 |    88 |    72 |    34 ||   263
       Constrict         |    23 |    30 |    26 |    10 ||    89
       Tentacles         |    10 |    14 |    15 |     6 ||    45
       Punch             |       |       |     1 |       ||     1
 Cast: Sandblast         |    32 |    76 |   134 |    12 ||   254
       Lee's Rapid Decon |       |       |     5 |     5 ||    10
       Petrify           |       |       |     1 |     1 ||     2
       Stone Arrow       |       |       |       |    21 ||    21
  Use: Scroll            |       |       |     2 |     1 ||     3
 Stab: Sleeping          |     9 |    12 |     8 |     2 ||    31
       Distracted        |       |       |     1 |       ||     1
  Eat: Chunk             |     4 |     9 |    14 |     6 ||    33
Armor: Skin              |     5 |     4 |     3 |       ||    12
Dodge: Dodged            |    54 |   120 |   106 |    44 ||   324
